 Dungeon Crawl Stone Soup version 0.31-a0-1424-g2add1c7226 (webtiles) character file.

Game seed: 7764546978957619434

357121 greenreed the Slayer (level 21, -3/220 HPs)
             Began as a Minotaur Fighter on Dec 26, 2023.
             Was the Champion of Qazlal.
             Shot with a bolt by a yaktaur captain (16 damage)
             ... on level 5 of the Vaults.
             The game lasted 01:48:51 (31752 turns).

greenreed the Slayer (Minotaur Fighter)            Turns: 31752, Time: 01:48:52

Health: -3/220     AC: 35    Str: 29    XL:     21   Next: 20%
Magic:  28/30      EV:  9    Int:  7    God:    Qazlal [******]
Gold:   1466       SH: 29    Dex: 13    Spells: 20/20 levels left

rFire   . . .        J - +7 morningstar (vamp)
rCold   + + .        X - +1 tower shield {rN+}
rNeg    + . .        C - +6 chain mail "Atepat" {rPois rC++}
rPois   +            (helmet restricted)
rElec   .            S - +2 cloak
rCorr   +            t - +0 pair of gloves
SInv    +            u - +0 pair of boots
Will    ++...        l - amulet of regeneration Stlth
                     O - ring of Ru, Scorching {Will+ rCorr Int+2 Slay+2 SInv}
HPRegen 1.36/turn    K - +4 ring of protection
MPRegen 0.22/turn

%: repel missiles, clarity
@: protected from physical damage, studying Conjurations
A: horns 2, retaliatory headbutt, clarity, wild magic 1
}: 2/15 runes: serpentine, barnacled
a: Renounce Religion, Upheaval, Elemental Force, Disaster Area


You were on level 5 of the Vaults.
You worshipped Qazlal.
Qazlal was exalted by your worship.
You visited 7 branches of the dungeon, and saw 36 of its levels.
You also visited: Bailey and Volcano.

You collected 3661 gold pieces.
You spent 2195 gold pieces at shops.

Inventory:

Hand Weapons
 a - the +9 staff of Olgreb {rPois∞}
   (You found it on level 6 of the Dungeon)

   Radiate:   It can be activated via the 'a'bility menu to radiate toxic
   energy, with effectiveness depending on Evocations skill.
   Alch:      It enhances your alchemy magic.
   rPois∞: It grants immunity to poison.
 J - a +7 vampiric morningstar (weapon)
Missiles
 v - 10 throwing nets
Armour
 t - a +0 pair of gloves (worn)
 u - a +0 pair of boots (worn)
 C - the +6 chain mail "Atepat" (worn) {rPois rC++}
   (You found it on level 6 of the Dungeon)

   rC++:      It greatly protects you from cold.
   rPois:     It protects you from poison
 S - a +2 cloak (worn)
 X - a +1 tower shield of positive energy (worn)
Jewellery
 j - an amulet of faith
 l - an amulet of regeneration (around neck)
 p - a ring of positive energy
 B - a ring of fire
 K - a +4 ring of protection (right hand)
 O - the ring of Ru, Scorching (left hand) {Will+ rCorr Int+2 Slay+2 SInv}
   (You found it on level 1 of the Snake Pit)

   [ring of resist corrosion]

   Int+2:     It affects your intelligence (+2).
   Slay+2:    It affects your accuracy & damage with ranged weapons and melee
   (+2).
   Will+:     It increases your willpower.
   SInv:      It lets you see invisible.
   rCorr:     It protects you from acid and corrosion.
 P - a ring of fire
 R - a ring of positive energy
Wands
 k - a wand of light (22)
 y - a wand of digging (5)
 G - a wand of flame (49)
 L - a wand of paralysis (39)
 M - a wand of mindburst (26)
 U - a wand of iceblast (18)
 Y - a wand of polymorph (9)
Scrolls
 e - 4 scrolls of blinking
 h - 15 scrolls of teleportation
 q - 2 scrolls of torment
 r - 20 scrolls of identify
 s - 6 scrolls of vulnerability
 w - 7 scrolls of poison
 D - 4 scrolls of immolation
 F - 8 scrolls of amnesia
 H - 4 scrolls of fog
 N - 8 scrolls of fear
 Q - 2 scrolls of silence
 T - 7 scrolls of enchant armour
 V - a scroll of summoning
 W - 4 scrolls of revelation
Potions
 b - 5 potions of brilliance
 d - 6 potions of might
 f - 8 potions of enlightenment
 i - 8 potions of heal wounds
 m - 4 potions of resistance
 n - 15 potions of curing
 o - 9 potions of haste
 z - 3 potions of cancellation
 A - a potion of lignification
 E - 2 potions of invisibility
 I - 4 potions of magic
 Z - 2 potions of ambrosia
Miscellaneous
 c - a phantom mirror
 g - a condenser vane (inert)
 x - a box of beasts


   Skills:
 * Level 25.7 Fighting
 - Level 18.7 Maces & Flails
 + Level 19.0 Armour
 + Level 19.0 Shields
 + Level 14.4 Invocations
 + Level 10.8 Evocations


You had 20 spell levels left.
You didn't know any spells.
Your spell library contained the following spells:

 Spells                   Type           Power      Damage    Failure   Level
 Sandblast                Erth           0%         2d4       92%         1
 Shock                    Conj/Air       0%         1d3       92%         1
 Slow                     Hex            0%         N/A       92%         1
 Sting                    Conj/Alch      0%         1d3       92%         1
 Blink                    Tloc           0%         N/A       98%         2
 Call Imp                 Summ           0%         N/A       98%         2
 Lesser Beckoning         Tloc           0%         N/A       98%         2
 Mercury Vapours          Alch/Air       0%         N/A       98%         2
 Momentum Strike          Conj/Tloc      0%         3d8       98%         2
 Passwall                 Alch/Erth      0%         N/A       98%         2
 Sublimation of Blood     Necr           0%         N/A       98%         2
 Confusing Touch          Hex            0%         N/A       100%        3
 Gell's Gravitas          Tloc           0%         N/A       100%        3
 Inner Flame              Hex/Fire       0%         N/A       100%        3
 Mephitic Cloud           Conj/Alch/Air  0%         N/A       100%        3
 Ozocubu's Armour         Ice            0%         N/A       100%        3
 Sigil of Binding         Hex            0%         N/A       100%        3
 Stone Arrow              Conj/Erth      0%         3d7       100%        3
 Summon Guardian Golem    Hex/Summ       0%         N/A       100%        3
 Swiftness                Air            0%         N/A       100%        3
 Teleport Other           Tloc           0%         N/A       100%        3
 Vampiric Draining        Necr           0%         2d6       100%        3
 Airstrike                Air            0%         2d(0-16)  100%        4
 Anguish                  Hex/Necr       0%         N/A       100%        4
 Brom's Barrelling Bould  Conj/Erth      0%         2d3       100%        4
 Cause Fear               Hex            0%         N/A       100%        4
 Ignite Poison            Fire/Alch      0%         N/A       100%        4
 Olgreb's Toxic Radiance  Alch           0%         N/A       100%        4
 Petrify                  Alch/Erth      0%         N/A       100%        4
 Sticky Flame             Fire/Alch      0%         2d4       100%        4
 Vhi's Electric Charge    Tloc/Air       0%         N/A       100%        4
 Arcjolt                  Conj/Air       0%         1d10      100%        5
 Borgnjor's Vile Clutch   Necr/Erth      0%         N/A       100%        5
 Freezing Cloud           Conj/Ice/Air   0%         6-21      100%        5
 Irradiate                Conj/Alch      0%         3d11      100%        5
 Metabolic Englaciation   Hex/Ice        0%         N/A       100%        5
 Simulacrum               Ice/Necr       0%         N/A       100%        6
 Enfeeble                 Hex            0%         N/A       100%        7
 Orb of Destruction       Conj           0%         9d5       100%        7
 Spellforged Servitor     Conj/Summ      0%         N/A       100%        7
 Summon Hydra             Summ           0%         N/A       100%        7
 Ignition                 Fire           0%         3d3       100%        8
 Maxwell's Capacitive Co  Air            0%         ∞         100%        8


Dungeon Overview and Level Annotations

Branches:
Dungeon (15/15)            Temple (1/1) D:7            Lair (5/5) D:8
 Shoals (4/4) Lair:2        Snake (4/4) Lair:3        Slime (0/5) Lair:4
    Orc (2/2) D:11            Elf (0/3) Orc:2        Vaults (5/5) D:13
  Crypt (0/3) Vaults:2     Depths (0/4) D:15         Bailey (visited)
Volcano (visited)

Altars:
Ashenzari
Cheibriados
Dithmenos
Elyvilon
Fedhas
Gozag
Hepliaklqana
Kikubaaqudgha
Makhleb
Nemelex Xobeh
Okawaru
Qazlal
Ru
Sif Muna
Trog
Uskayaw
Vehumet
Wu Jian
Xom
Yredelemnul
Zin
The Shining One
Jiyva

Shops:
D:1 !   D:2 ?   D:4 [*   D:6 !   D:7 (   D:8 (*   Orc:2 :?=*   Shoals:3 [
Snake:2 =::   Snake:4 =   Vaults:4 !

Annotations:
D:1 1 transporter
D:6 1 runed translucent door
D:7 1 runed translucent door


Innate Abilities, Weirdness & Mutations

You have a pair of horns on your head.
You reflexively headbutt those who attack you in melee.
You possess an exceptional clarity of mind.
Your spells are a little harder to cast, but a little more powerful.


Message History

The ettin hits you but does no damage.
The deep elf annihilator is engulfed in blazing flames.
You hear a shout! x2; You hear a howl!
You hear a shout! x4
Unknown command.
Unknown command.
Unknown command.
You impale the vault warden!!
The vault warden is almost dead.
The jumping spider closely misses you.
The jumping spider bites you but does no damage.
You block the storm dragon's attack. x4; The storm dragon claws you!
* * * LOW HITPOINT WARNING * * *
You feel more protected from physical attacks.
The storm dragon tramples you but does no damage.
The yaktaur captain hits you with a +0 battleaxe!
* * * LOW HITPOINT WARNING * * *
You feel more protected from physical attacks.
The vault warden is engulfed in freezing vapours.
The vault warden hits you with a +2 long sword of protection!
* * * LOW HITPOINT WARNING * * *
The jumping spider barely misses you. You furiously retaliate!
You headbutt the jumping spider.
The jumping spider bites you but does no damage.
Unknown command.
Unknown command.
Unknown command.
Blink to where?
Press: ? - help, Dir - move target, p - vault warden
As you read the scroll of blinking, it crumbles to dust.
The storm dragon breathes lightning at you.
The bolt of lightning hits you!!
* * * LOW HITPOINT WARNING * * *
The yaktaur captain unwields a +0 battleaxe.
The yaktaur captain wields a +3 arbalest.
The yaktaur captain shoots a bolt.
You block the bolt.
Unknown command.
Unknown command.
Unknown command.
The yaktaur captain shoots a bolt.
The bolt hits you!
You die...

#....# #....#
#....# #....#
#....# #....#
#....# #..☼@#
#...☼# .# #....#
.# .
#...○#..#### ..
#....#......
..+##...s#......
#..○°○p......
###..Dc[D[.#####
...).°°e[[[..L..


You could see 2 storm dragons, a vault warden, a yaktaur captain and a jumping
spider.

Vanquished Creatures
  The ghost of Noblape the Bludgeoner, an adept OnBe of Trog (Snake:4)
  A titan (Vaults:4)
  The ghost of greenreed the Slayer, an adept MiFi of Wu Jian (Snake:3)
  2 sphinxes
  A quicksilver dragon (Vaults:4)
  A kraken (Shoals:1)
  A tengu reaver (Vaults:5)
  A shadow dragon (Vaults:4)
  Roxanne (D:14)
  A revenant (Vaults:2)
  Donald (Snake:2)
  9 nagarajas
  2 frost giants
  13 vault wardens
  The ghost of Oshruh the Bludgeoner, an adept GrFi of Okawaru (Snake:3)
  3 orc warlords
  A formless jellyfish (Vaults:4)
  15 ironbound preservers
  6 ironbound thunderhulks
  A stone giant (Vaults:4)
  A vampire knight (Vaults:2)
  A very ugly thing (Vaults:4)
  8 dire elephants
  A war gargoyle (Vaults:3)
  2 ettins
  The ghost of Miby the Thaumaturge, a journeyman DjIE of Cheibriados (Lair:1)
  9 yaktaur captains
  5 crystal guardians
  6 merfolk impalers
  Erolcha (D:11)
  9 hydras
  14 vault guards
  7 great orbs of eyes
  The ghost of Uramy the Fighter, a journeyman GrFi of Hepliaklqana (Snake:4)
  4 peacekeepers
  9 ironbound frosthearts
  10 anacondas
  3 catoblepae
  A death knight (D:15)
  4 ogre magi (Orc:2)
  3 boulder beetles
  7 merfolk aquamancers
  3 merfolk avatars (Shoals:2)
  18 centaur warriors
  4 satyrs
  18 two-headed ogres
  15 naga sharpshooters
  2 tengu warriors (D:15)
  An orc high priest (Orc:1)
  5 shock serpents
  19 naga warriors
  A hell knight (Volcano)
  10 skeletal warriors
  A deep elf knight (Orc:1)
  A spectral death yak (Lair:5)
  3 skysharks
  41 deep trolls
  A spectral anaconda (Lair:5)
  Lodul (D:10)
  15 sea snakes
  7 naga ritualists
  3 salamander mystics
  15 lindwurms
  An obsidian statue (Lair:5)
  2 phantasmal warriors
  15 ironbound convokers
  7 arcanists
  7 harpies
  2 deep elf pyromancers (D:15)
  A deep elf zephyrmancer (Orc:1)
  5 necromancers
  2 orc knights
  Maurice (D:10)
  4 mana vipers
  5 cyclopes
  33 ugly things
  An oklob plant (Lair:5)
  11 manticores
  15 salamanders
  30 fauns
  2 orc sorcerers
  5 water nymphs
  4 centaur zombies (D:14)
  A meliai (D:12)
  6 merfolk sirens
  2 kobold blastminers (Orc:2)
  9 elephants
  13 vault sentinels
  5 molten gargoyles
  19 black mambas
  23 naga magi
  8 guardian serpents
  20 cane toads
  An unseen horror (D:11)
  4 gargoyles
  A torpor snail (shapeshifter) (Vaults:5)
  11 komodo dragons
  2 human zombies (Vaults:2)
  2 rime drakes
  50 yaktaurs
  2 kobold demonologists
  2 freezing wraiths
  8 trolls
  6 polar bears
  33 merfolk
  A yaktaur skeleton (Vaults:2)
  A hornet (D:10)
  Prince Ribbit (Bailey)
  2 wind drakes
  A meliai zombie (D:14)
  17 blink frogs
  16 dream sheep
  8 snapping turtles
  Sigmund (D:6)
  41 slime creatures
  2 shadows
  5 water elementals
  40 yaks
  6 wyverns
  A deep troll skeleton (Vaults:2)
  A vampire (D:14)
  4 fire bats (Volcano)
  4 wraiths
  18 humans
  A golden eye (shapeshifter) (D:12)
  2 steam dragons
  An unseen horror simulacrum (D:8)
  7 basilisks
  8 wargs
  3 vampire mosquitoes (D:14)
  A human simulacrum (Vaults:2)
  2 death yak simulacra (Lair:5)
  4 spectral cane toads (Lair:5)
  2 redbacks (D:6)
  13 water moccasins
  59 nagas
  2 acid dragons
  2 black bears (D:9)
  2 hornet zombies (D:14)
  10 ice beasts
  16 orc warriors
  2 sky beasts (D:7)
  5 centaurs
  34 ogres
  19 wolves
  A phantom (D:6)
  3 elephant skeletons (Lair:5)
  3 kobold brigands
  18 bullfrogs
  A gnoll sergeant (D:12)
  6 scorpions
  12 wights
  6 killer bees (D:6)
  3 elephant simulacra (Lair:5)
  5 howler monkeys
  An electric eel (D:8)
  3 lava snakes (Volcano)
  2 hounds
  8 jellies
  A gnoll bouda (D:4)
  9 orc priests
  4 sleepcaps
  3 iguanas
  A boggart zombie (D:14)
  18 orc wizards
  19 gnolls
  9 adders
  2 shadow imps
  2 white imps
  A worm (D:3)
  3 dart slugs
  49 orcs
  13 endoplasms
  5 giant cockroaches
  15 goblins
  5 hobgoblins
  2 jackals (D:1)
  2 quokkas
  5 ball pythons
  7 bats
  4 frilled lizards (D:2)
  19 kobolds
  3 rats (D:1)
  2 tentacles (Shoals:1)
1375 creatures vanquished.

Vanquished Creatures (collateral kills)
  2 tengu reavers (Vaults:5)
  A vault warden (Vaults:5)
  14 vault guards (Vaults:5)
17 creatures vanquished.

Vanquished Creatures (others)
  A lich (Vaults:5)
  A quicksilver dragon (Vaults:5)
  A nagaraja (Snake:4)
  An unseen horror (D:13)
  An orc warrior (Orc:1)
  8 tentacles (Shoals:1)
13 creatures vanquished.

Grand Total: 1405 creatures vanquished

Notes
Turn   | Place    | Note
-------+----------+-------------------------------------------
     0 | D:1      | greenreed the Minotaur Fighter began the quest for the Orb.
     0 | D:1      | Reached XP level 1. HP: 19/19 MP: 0/0
   168 | D:1      | Found Vuisek's Distillery.
   187 | D:1      | Reached XP level 2. HP: 27/27 MP: 1/1
   194 | D:1      | Found a faded altar of an unknown god.
   304 | D:1      | Reached skill level 4 in Fighting
   496 | D:1      | Reached XP level 3. HP: 32/33 MP: 2/2
  1061 | D:2      | Found Bagg's Magic Scroll Emporium.
  1074 | D:2      | Bought a scroll of noise for 10 gold pieces
  1074 | D:2      | Bought a scroll of identify for 20 gold pieces
  1135 | D:2      | Reached XP level 4. HP: 40/41 MP: 3/3
  1743 | D:3      | Reached skill level 5 in Fighting
  1743 | D:3      | Reached XP level 5. HP: 38/48 MP: 4/4
  2377 | D:4      | Reached XP level 6. HP: 51/56 MP: 5/5
  2387 | D:4      | Reached skill level 5 in Maces & Flails
  2659 | D:4      | Reached skill level 6 in Fighting
  2660 | D:4      | Reached skill level 5 in Shields
  2696 | D:4      | Reached skill level 5 in Armour
  2713 | D:4      | Found Jiqoc's Armour Emporium.
  2790 | D:4      | Found Odofreim's Overcharged Wands.
  2867 | D:5      | Entered Level 5 of the Dungeon
  2867 | D:5      | Noticed an ice beast
  2878 | D:5      | Killed an ice beast
  2879 | D:5      | Reached XP level 7. HP: 55/64 MP: 6/6
  3083 | D:5      | Found a hide-covered altar of Uskayaw.
  3613 | D:6      | Reached skill level 7 in Fighting
  3631 | D:6      | Found a runed translucent gate.
  3633 | D:6      | Found a runed translucent gate.
  3637 | D:6      | Identified the +6 chain mail "Atepat" {rPois rC++}
  3654 | D:6      | Found a runed translucent gate.
  3656 | D:6      | Noticed a redback
  3656 | D:6      | Noticed a redback
  3662 | D:6      | Found a runed translucent door.
  3673 | D:6      | Noticed Sigmund
  3678 | D:6      | Reached XP level 8. HP: 73/73 MP: 7/7
  3736 | D:6      | Killed Sigmund
  3737 | D:6      | Reached skill level 8 in Fighting
  3971 | D:6      | Found an ancient bone altar of Kikubaaqudgha.
  3987 | D:6      | Found the +9 staff of Olgreb {rPois∞}
  4021 | D:6      | Found a runed translucent door.
  4085 | D:6      | Found Motolix's Distillery.
  4091 | D:6      | Bought a potion of degeneration for 14 gold pieces
  4490 | D:6      | Reached skill level 9 in Fighting
  4490 | D:6      | Reached XP level 9. HP: 47/83 MP: 8/8
  4588 | D:6      | Reached skill level 10 in Fighting
  4706 | D:7      | Found a runed translucent door.
  4706 | D:7      | Noticed a sixfirhy
  4825 | D:7      | Found a staircase to the Ecumenical Temple.
  4834 | Temple   | Entered the Ecumenical Temple
  4893 | Temple   | Became a worshipper of Qazlal Stormbringer
  4977 | D:7      | Reached skill level 10 in Maces & Flails
  5178 | D:7      | Found Maihuj's Antique Weapon Shoppe.
  5185 | D:7      | Reached XP level 10. HP: 93/94 MP: 9/9
  5202 | D:7      | Found a glowing golden altar of the Shining One.
  5610 | D:8      | Found Tummih's Gadget Gallery.
  5689 | D:8      | Found a shimmering altar of Xom.
  5694 | D:8      | Reached skill level 11 in Fighting
  5719 | D:8      | Reached * piety under Qazlal
  5802 | D:8      | Found Hiban's Weapon Shoppe.
  5840 | D:8      | Found a staircase to the Lair.
  5885 | D:8      | Reached skill level 12 in Fighting
  6365 | D:9      | Noticed a two-headed ogre
  6375 | D:9      | Killed a two-headed ogre
  6389 | D:9      | Reached XP level 11. HP: 96/100 MP: 10/10
  6438 | D:9      | Found a bloodstained altar of Trog.
  6486 | D:9      | Reached ** piety under Qazlal
  6545 | D:9      | Found a flagged portal.
  6556 | Bailey   | Entered a bailey
  6638 | Bailey   | Noticed a vault guard
  6638 | Bailey   | Noticed Prince Ribbit
  6654 | Bailey   | Killed Prince Ribbit
  6655 | Bailey   | Killed a vault guard
  6656 | Bailey   | Reached skill level 13 in Fighting
  6716 | Bailey   | Noticed a vault guard
  6747 | Bailey   | Killed a vault guard
  7157 | D:10     | Entered Level 10 of the Dungeon
  7258 | D:10     | Noticed a two-headed ogre
  7265 | D:10     | Killed a two-headed ogre
  7323 | D:10     | Reached *** piety under Qazlal
  7506 | D:10     | Noticed a two-headed ogre
  7515 | D:10     | Killed a two-headed ogre
  7516 | D:10     | Reached skill level 10 in Armour
  7516 | D:10     | Reached skill level 10 in Shields
  7662 | D:10     | Noticed Maurice
  7664 | D:10     | Paralysed by Maurice for 3 turns
  7692 | D:10     | Paralysed by something for 5 turns
  7700 | D:10     | Killed Maurice
  7909 | D:11     | Noticed Erolcha
  7920 | D:11     | Killed Erolcha
  7921 | D:11     | Reached skill level 14 in Fighting
  7921 | D:11     | Reached XP level 12. HP: 91/117 MP: 11/11
  7950 | D:11     | You fall into a shaft and drop 1 floor!
  8359 | D:11     | Found a staircase to the Orcish Mines.
  8565 | D:11     | Noticed a boulder beetle
  8578 | D:11     | Killed a boulder beetle
  8617 | D:11     | Noticed Lodul
  8642 | D:10     | Killed Lodul
  8794 | D:11     | Reached **** piety under Qazlal
  9118 | D:12     | Noticed a two-headed ogre
  9127 | D:12     | Killed a two-headed ogre
  9145 | D:12     | Reached skill level 15 in Fighting
  9383 | D:13     | Noticed a two-headed ogre
  9383 | D:13     | Noticed a centaur warrior
  9383 | D:13     | Found a gate to the Vaults.
  9416 | D:13     | Noticed an eight-headed hydra
  9425 | D:13     | Noticed a catoblepas
  9428 | D:12     | Killed an eight-headed hydra
  9429 | D:12     | Reached skill level 15 in Maces & Flails
  9541 | D:12     | Killed a two-headed ogre
  9671 | D:12     | Killed a catoblepas
  9672 | D:12     | Reached XP level 13. HP: 128/128 MP: 12/12
  9821 | D:13     | Reached skill level 16 in Fighting
  9833 | D:13     | Reached ***** piety under Qazlal
 10305 | D:14     | Reached XP level 14. HP: 137/137 MP: 12/18
 11252 | D:14     | Noticed Roxanne
 11419 | D:14     | Killed Roxanne
 11623 | D:15     | Entered Level 15 of the Dungeon
 11811 | D:15     | Reached skill level 17 in Fighting
 12064 | D:15     | Noticed a frost giant
 12073 | D:15     | Killed a frost giant
 12087 | D:15     | Reached XP level 15. HP: 115/147 MP: 19/19
 12115 | D:15     | Found a staircase to the Depths.
 13012 | D:2      | Bought a scroll of brand weapon for 95 gold pieces
 13086 | D:4      | Bought a +2 kite shield of poison resistance for 222 gold
                  | pieces
 13203 | D:8      | Bought a phantom mirror for 480 gold pieces
 13243 | Lair:1   | Entered Level 1 of the Lair of Beasts
 13382 | Lair:1   | Noticed Miby's ghost (journeyman DjIE)
 13389 | Lair:1   | Found a transporter.
 13420 | Lair:1   | Found a transporter.
 13484 | Lair:1   | Killed Miby's ghost
 14156 | Lair:2   | Reached ****** piety under Qazlal
 14263 | Lair:2   | Reached skill level 18 in Fighting
 14675 | Lair:2   | Found a staircase to the Shoals.
 15101 | Lair:3   | Found a dark tunnel.
 15115 | Volcano  | Entered a volcano
 15278 | Volcano  | Found a burning altar of Makhleb.
 15611 | Lair:3   | Found a staircase to the Snake Pit.
 15769 | Lair:3   | Reached skill level 1 in Evocations
 16332 | Lair:3   | Gained mutation: You have a pair of large horns on your
                  | head. [potion of mutation]
 16333 | Lair:3   | Lost mutation: You have a pair of large horns on your head.
                  | [potion of mutation]
 16333 | Lair:3   | Gained mutation: You are agile. (Dex +4, Str/Int -1)
                  | [potion of mutation]
 16334 | Lair:3   | Lost mutation: You are agile. (Dex +4, Str/Int -1) [potion
                  | of mutation]
 16334 | Lair:3   | Gained mutation: Your magical capacity is low. (-10% MP)
                  | [potion of mutation]
 16335 | Lair:3   | Lost mutation: Your magical capacity is low. (-10% MP)
                  | [potion of mutation]
 16335 | Lair:3   | Gained mutation: You are clumsy. (Dex -2) [potion of
                  | mutation]
 16335 | Lair:3   | Gained mutation: You have an increased reservoir of magic.
                  | (+10% MP) [potion of mutation]
 16336 | Lair:3   | Lost mutation: You are clumsy. (Dex -2) [potion of
                  | mutation]
 16336 | Lair:3   | Lost mutation: You have an increased reservoir of magic.
                  | (+10% MP) [potion of mutation]
 16336 | Lair:3   | Gained mutation: You are occasionally teleported next to
                  | monsters. [potion of mutation]
 16336 | Lair:3   | Gained mutation: Your body sometimes deteriorates upon
                  | taking damage. [potion of mutation]
 16337 | Lair:3   | Lost mutation: Your body sometimes deteriorates upon taking
                  | damage. [potion of mutation]
 16337 | Lair:3   | Lost mutation: You are occasionally teleported next to
                  | monsters. [potion of mutation]
 16337 | Lair:3   | Gained mutation: You possess an exceptional clarity of
                  | mind. [potion of mutation]
 16337 | Lair:3   | Gained mutation: Your spells are a little harder to cast,
                  | but a little more powerful. [potion of mutation]
 16571 | Lair:4   | Found a staircase to the Slime Pits.
 16571 | Lair:4   | Found a viscous altar of Jiyva.
 16810 | Lair:4   | Identified the +9 glaive of the Lachrymose God {pain, rF+
                  | Str+3}
 17225 | Lair:5   | Entered Level 5 of the Lair of Beasts
 17255 | Lair:5   | Reached XP level 16. HP: 144/159 MP: 21/21
 17481 | Lair:5   | Reached skill level 19 in Fighting
 17531 | Lair:5   | Found the +4 robe of Folly {Brill Will-∞ Int+8}
 18568 | Orc:1    | Entered Level 1 of the Orcish Mines
 18835 | Orc:2    | Entered Level 2 of the Orcish Mines
 18835 | Orc:2    | Found a staircase to the Elven Halls.
 18983 | Orc:2    | Paralysed by an ogre mage for 4 turns
 19170 | Orc:2    | Reached skill level 10 in Invocations
 19573 | Orc:2    | Found Vazam's General Store.
 19573 | Orc:2    | Found Zosiw's Magic Scroll Shoppe.
 19573 | Orc:2    | Found Miseffat's Jewellery Shoppe.
 19573 | Orc:2    | Found Jaid Kal's Book Shop.
 19583 | Orc:2    | Bought a scroll of brand weapon for 142 gold pieces
 19635 | Orc:2    | Found a burning altar of Makhleb.
 19907 | D:8      | Bought a condenser vane for 480 gold pieces
 19907 | D:8      | Bought a box of beasts for 480 gold pieces
 19907 | D:8      | Bought a wand of digging (5) for 252 gold pieces
 20027 | Snake:1  | Entered Level 1 of the Snake Pit
 20242 | Snake:1  | Reached skill level 20 in Fighting
 20325 | Snake:1  | Identified the ring of Ru, Scorching {Will+ rCorr Int+2
                  | Slay+2 SInv}
 20551 | Snake:1  | Found a shimmering altar of Xom.
 20679 | Snake:1  | Reached XP level 17. HP: 170/170 MP: 23/23
 20995 | Snake:2  | Reached skill level 15 in Armour
 20995 | Snake:2  | Reached skill level 5 in Evocations
 21072 | Snake:2  | Noticed Donald
 21077 | Snake:2  | Killed Donald
 21373 | Snake:2  | Reached skill level 15 in Shields
 21408 | Snake:2  | Found Gachyk's Book Boutique.
 21411 | Snake:2  | Found Eneqiyc's Jewellery Emporium.
 21412 | Snake:2  | Found Tybbudidgh's Book Boutique.
 21763 | Snake:3  | Reached skill level 21 in Fighting
 21824 | Snake:3  | Got the Notes on the Quarry
 22287 | Snake:4  | Entered Level 4 of the Snake Pit
 22291 | Snake:4  | Found a runed translucent gate.
 22291 | Snake:4  | Found a runed translucent gate.
 22291 | Snake:4  | Noticed Noblape's ghost (adept OnBe)
 22293 | Snake:4  | Found a runed translucent gate.
 22293 | Snake:4  | Noticed Oshruh's ghost (adept GrFi)
 22294 | Snake:4  | Noticed Uramy's ghost (journeyman GrFi)
 22294 | Snake:4  | Noticed greenreed's ghost (adept MiFi)
 22383 | Snake:4  | Killed Noblape's ghost
 22429 | Snake:3  | Killed greenreed's ghost
 22557 | Snake:3  | Killed Oshruh's ghost
 22577 | Snake:4  | Killed Uramy's ghost
 22896 | Snake:4  | Found Hymoadgh's Jewellery Shop.
 23036 | Snake:4  | Reached XP level 18. HP: 51/182 MP: 25/25
 23544 | Snake:4  | Got a serpentine rune of Zot
 23755 | Shoals:1 | Entered Level 1 of the Shoals
 23864 | Shoals:1 | Reached skill level 22 in Fighting
 24601 | Shoals:2 | Identified the +4 war axe of Somewhere Else {flame, Dex+4}
 24877 | Shoals:2 | Identified the +1 ring mail of Starshine {rElec rC+ Regen+
                  | Dex+4}
 25248 | Shoals:3 | Found Yfohyl's Armour Boutique.
 25551 | Shoals:4 | Entered Level 4 of the Shoals
 25726 | Shoals:4 | Got an azure gem with 399 turns to spare
 25726 | Shoals:4 | Got a barnacled rune of Zot
 25845 | Shoals:4 | Identified the ring of Wefauluho {rElec Str+6 Dex+2}
 26115 | Shoals:4 | Lost the azure gem through the power of Zot.Gained a life
                  | (5 lives remaining)
 26418 | Shoals:3 | Reached skill level 23 in Fighting
 26418 | Shoals:3 | Reached XP level 19. HP: 190/195 MP: 14/27
 27083 | Vaults:1 | Entered Level 1 of the Vaults
 28404 | Vaults:2 | Reached skill level 24 in Fighting
 28653 | Vaults:2 | Reached XP level 20. HP: 185/206 MP: 29/29
 28777 | Vaults:2 | Found a staircase to the Crypt.
 29785 | Vaults:3 | Reached skill level 10 in Evocations
 29951 | Vaults:3 | Identified the dragon-blood talisman of Daffodils {rC+
                  | Slay+3}
 30461 | Vaults:4 | Identified the +1 robe "Wifug" {Fly rPois rC- rCorr}
 30514 | Vaults:4 | Reached skill level 25 in Fighting
 30840 | Vaults:4 | Found Luxtiumni's Distillery.
 31551 | Vaults:5 | Entered Level 5 of the Vaults
 31565 | Vaults:5 | Reached XP level 21. HP: 218/218 MP: 1/30
 31752 | Vaults:5 | Shot with a bolt by a yaktaur captain

Illustrated notes

Levels and vault maps discovered:
D:1:      spicycebolla_arrival_risky_transporter, layout_basic,
          shapermc_ecumenical_altar_ellora, serial_shops,
          nicolae_shop_pleasant_corner_grove
D:2:      minmay_wonky_spiral, layout_rooms, serial_shops, nicolae_diamond_shop,
          minmay_splitting_lines
D:3:      layout_loops_ring
D:4:      layout_rooms, serial_shops, shop, minmay_misc_feat_roman,
          nicolae_shop_overcharged_wands
D:5:      layout_loops_cross, mainiacjoe_overflow_cross_hatched
D:6:      layout_basic, old_standard_altar, serial_shops,
          nicolae_shop_pleasant_corner_grove,
          minmay_guarded_unrand_staff_of_olgreb, uniq_sigmund
D:7:      cheibrodos_shockbox, layout_basic, tso_altar,
          minmay_temple_entry_tees, serial_shops, nicolae_shop_crystal,
          minmay_stone_trees_small
D:8:      layout_basic, mainiacjoe_overflow_alcove_2, hellmonk_lair_entry_icy,
          serial_ice, serial_ice_e, serial_ice_l, serial_ice_g, serial_ice_m,
          serial_shops, nicolae_shop_behind_doors, nicolae_shop_gadgets
D:9:      layout_rooms, trog_ov_bears_minmay, enter_bailey_2
D:10:     layout_loops_cross, corexii_hall_statues_i, uniq_maurice
D:11:     layout_cave_pools, david_orc_1_choice, uniq_erolcha, uniq_lodul
D:12:     layout_loops_ring, chequers_serial_rivers_micro_e
D:13:     layout_big_octagon, david_vaults_3
D:14:     cheibrodos_statue_roulette, layout_long_grid, serial_undead,
          serial_undead_e, serial_undead_c, serial_undead_c, serial_undead_a,
          uniq_roxanne
D:15:     grunt_enter_depths_snipers, layout_stronghold,
          hangedman_decor_riveting, drop_trap, nicolae_figureground_sparkle
Temple:   minmay_crystal_spiral_temple
Lair:1:   layout_regular_city, gammafunk_ghost_arena, lemuel_fruit_tree,
          serial_bayou_shore_b, grunt_megastairs_1
Lair:2:   layout_regular_city, minmay_shoals_entry_hut
Lair:3:   layout_small_grid, alex1729_snake_entry_snake,
          nicolae_volcano_entry_hallway
Lair:4:   layout_big_grid, nicolae_slime_entry_slimehenge,
          chequers_serial_rivers_room_a, grunt_megastairs_2,
          serial_bayou_shore_a
Lair:5:   due_jungle_book, layout_long_grid, grunt_megastairs_5,
          infiniplex_staircase_pool
Shoals:1: argonaut_golden_fleece, layout_shoals, nicolae_shoals_flooded_hall
Shoals:2: layout_shoals
Shoals:3: layout_shoals, serial_shops, nicolae_stop_n_shop_1,
          nicolae_shoals_aquamancer_cove
Shoals:4: shoals_end_grunt_garden, layout_shoals
Snake:1:  layout_basic, basic_altar, nicolae_snake_gridmaze_swirls
Snake:2:  layout_misc_corridors, minmay_shop_grove, uniq_donald
Snake:3:  layout_rooms, nicolae_triple_integral
Snake:4:  grunt_snake_rune_pools, layout_onion, serial_shops,
          nicolae_shop_gaudy_bauble, gammafunk_ghost_cemetery
Orc:1:    layout_caves, special_room [special_room_bee], elf_legates
Orc:2:    st_orc_ogre_mass, layout_caves, nicolae_orc_bridge_out,
          nicolae_orc_rockfall, regret_index_minedec_devilstone
Vaults:1: vaults_room_semicircle, nicolae_vaults_windows_and_doors_thing,
          v_alt_pattern_6, serial_library_regret_index_small_wings,
          nicolae_vaults_two_Ls, nicolae_vaults_surprise_closet,
          nicolae_vaults_closet_pinwheel_4, nicolae_vaults_what_the_h,
          v_rooms_3, nicolae_vaults_hexular_roomagon, v_misc_25,
          layout_vaults_omnibox
Vaults:2: v_misc_12, nicolae_vaults_disjoint_gnomons,
          minmay_crypt_entry_simple_round, nicolae_vaults_little_squares_3,
          ontoclasm_vaults_misaligned, nicolae_vaults_an_arrangement, v_misc_33,
          nicolae_vaults_alarming, nicolae_vaults_theta, vaults_room_corners,
          hangedman_vaults_variations, layout_vaults_maze
Vaults:3: nicolae_vaults_trapezoid_2, nicolae_vaults_sesquioval_fish,
          grunt_vaults_bifocal, v_misc_5, nicolae_vaults_mini_display_case,
          dpeg_vaults_monster_box, nicolae_vaults_trapezoid_1,
          nicolae_vaults_trapezoid_2, nicolae_vaults_little_ls,
          layout_vaults_omnigrid
Vaults:4: nicolae_vaults_little_squares_1, nicolae_vaults_trapezoid_4,
          hangedman_vaults_slice, nicolae_vaults_puzzle_piece,
          vaults_mumra_hexcomb, nicolae_vaults_tetromino_T_2,
          nicolae_vaults_offset_grid_hallway_1, vaults_standard_mumra_x,
          nicolae_vaults_storage_closets_3, ontoclasm_vaults_gallery,
          layout_vaults_omnicross, serial_shops, nicolae_shop_tiny_glass
Vaults:5: serial_shops, uniq_frederick, uniq_jory, uniq_margery, uniq_mara

Skill      XL: |  1  2  3  4  5  6  7  8  9 10 11 12 13 14 15 16 17 18 19 20 21 |
---------------+----------------------------------------------------------------+-----
Maces & Flails | 3 4 5 6 8 10 12 13 15 17 18 | 18.7
Fighting       | 4 5 6 7 9 10 12 14 15 16 17 18 20 21 23 24 25 | 25.7
Shields        | 4 5 6 7 9 10 11 12 13 14 15 16 17 18 19 | 19.0
Armour         | 4 5 6 7 9 10 11 12 13 14 15 16 17 18 19 | 19.0
Invocations    | 6 7 9 10 11 12 13 14 | 14.4
Evocations     | 2 4 6 8 9 10 | 10.8

Action                     |  1- 3 |  4- 6 |  7- 9 | 10-12 | 13-15 | 16-18 | 19-21 || total
---------------------------+-------+-------+-------+-------+-------+-------+-------++-------
  Melee: Flail             |    89 |   193 |   291 |   680 |  1071 |   403 |       ||  2727
         Headbutt          |    10 |    33 |    58 |   173 |   314 |   488 |   350 ||  1426
         Staff             |       |       |       |     2 |    22 |   601 |    30 ||   655
         Morningstar       |       |       |       |       |       |   690 |  1024 ||  1714
 Invoke: Upheaval          |       |       |       |       |     3 |     5 |     2 ||    10
         Elemental Force   |       |       |       |       |       |       |     6 ||     6
Ability: Evoke the Staff o |       |       |       |    11 |     8 |    58 |     4 ||    81
  Evoke: Wand              |       |       |       |     1 |     2 |       |       ||     3
         Condenser vane    |       |       |       |       |       |       |     1 ||     1
    Use: Scroll            |     2 |     7 |     6 |     7 |     6 |     8 |     2 ||    38
         Potion            |       |       |     1 |       |     7 |       |       ||     8
   Stab: Petrified         |       |       |       |     4 |       |     1 |       ||     5
         Petrifying        |       |       |       |       |       |     1 |       ||     1
         Paralysed         |       |       |       |       |       |       |     5 ||     5
 Armour: Scale mail        |    37 |       |       |       |       |       |       ||    37
         Plate armour      |    16 |   177 |    31 |       |       |       |       ||   224
         Chain mail        |       |       |   175 |   511 |   581 |   743 |   532 ||  2542
  Dodge: Dodged            |    38 |    44 |    84 |   166 |   183 |   209 |   139 ||   863
         Repelled          |       |       |       |       |    10 |    29 |     1 ||    40
  Block: Buckler           |    11 |    40 |    51 |   264 |   258 |       |       ||   624
         Kite shield       |       |       |       |       |   511 |   835 |       ||  1346
         Tower shield      |       |       |       |       |       |  1235 |  1484 ||  2719

Table legend: (Time is in decaauts)
 A = Elapsed time spent in this place.
 B = Non-inter-level travel time spent in this place.
 C = Inter-level travel time spent in this place.
 D = Time resting spent in this place.
 E = Time spent auto-exploring this place.
 F = Levels seen in this place.
 G = Mean time per level.
                   A        B        C        D        E       F      G
               +--------+--------+--------+--------+--------+-----+--------+
         Total |  31062 |  28638 |   2424 |    952 |  20202 |  38 |  817.4 |
       Dungeon |  12892 |  11588 |   1304 |    385 |   8300 |  15 |  859.5 |
        Temple |    118 |      2 |    116 |      0 |      0 |   1 |  118.0 |
          Lair |   4888 |   4432 |    456 |     62 |   3367 |   5 |  977.6 |
        Shoals |   3287 |   3051 |    236 |     81 |   2177 |   4 |  821.8 |
     Snake Pit |   3500 |   3322 |    178 |    191 |   2100 |   4 |  875.0 |
  Orcish Mines |   1207 |   1173 |     34 |      0 |    890 |   2 |  603.5 |
        Vaults |   4454 |   4356 |     98 |    233 |   2894 |   5 |  890.8 |
        Bailey |    334 |    334 |      0 |      0 |    211 |   1 |  334.0 |
       Volcano |    380 |    380 |      0 |      0 |    263 |   1 |  380.0 |
               +--------+--------+--------+--------+--------+-----+--------+

Top non-repeatable levels by time:
    D:14: 1290 daAuts
Vaults:3: 1208 daAuts
Vaults:4: 1206 daAuts
     D:6: 1143 daAuts
 Snake:4: 1118 daAuts
Vaults:1: 1116 daAuts
  Lair:5: 1116 daAuts
    D:12: 1086 daAuts
    D:15: 1085 daAuts
  Lair:2: 1018 daAuts
  Lair:3: 978 daAuts
   Orc:2: 952 daAuts
Shoals:2: 949 daAuts
     D:8: 940 daAuts
 Snake:3: 908 daAuts
